 Dungeon Crawl Stone Soup version 0.30.1-6-gbe392663c4 (webtiles) character file.

Game seed: 1844288401403981877

366 NullDivider the Stinger (level 6, -3/36 HPs)
             Began as an Octopode Venom Mage on Sept 20, 2023.
             Slain by a black bear (4 damage)
             ... on level 5 of the Dungeon.
             The game lasted 00:18:34 (4658 turns).

NullDivider the Stinger (Octopode Venom Mage)       Turns: 4658, Time: 00:18:35

Health: -3/36      AC:  8    Str: 13    XL:     6   Next: 68%
Magic:  2/10       EV: 14    Int: 24    God:
Gold:   258        SH:  0    Dex: 14    Spells: 1/11 levels left

rFire   . . .        j - +0 dagger (protect)
rCold   . . .        (no shield)
rNeg    . . .        (helmet restricted)
rPois   .            u - amulet of regeneration
rElec   .            f - ring of see invisible
rCorr   .            l - +6 ring of intelligence
SInv    +            o - +6 ring of strength
Will    .....        (no ring)
Stlth   ++++         (no ring)
HPRegen 1.06/turn    (no ring)
MPRegen 0.12/turn    (no ring)
                     (no ring)

%: no passive effects
@: under a protective aura
A: almost no armour, amphibious, 8 rings, camouflage 1, gelatinous body 1,
(nimble swimmer 1), tentacles
a: no special abilities


You were on level 5 of the Dungeon.
You visited 1 branch of the dungeon, and saw 5 of its levels.

You collected 258 gold pieces.

Inventory:

Hand Weapons
 j - a +0 dagger of protection (weapon)
Jewellery
 f - a ring of see invisible (left tentacle)
 h - a ring of ice
 l - a +6 ring of intelligence (right tentacle)
 n - an amulet of faith
 o - a +6 ring of strength (on tentacle)
 u - an amulet of regeneration (around mantle)
Wands
 v - a wand of paralysis (7)
Scrolls
 b - 3 scrolls of vulnerability {unknown}
 c - 2 scrolls of teleportation {unknown}
 g - 3 scrolls of poison {unknown}
 k - 3 scrolls of identify {unknown}
 m - a scroll of silence {unknown}
 q - 2 scrolls of noise {unknown}
 r - a scroll of amnesia {unknown}
 t - a scroll of immolation {unknown}
Potions
 a - a potion of magic
 d - 2 potions of curing {unknown}
 e - a potion of degeneration {unknown}
 i - a potion of ambrosia {unknown}
 p - a potion of might {unknown}
 s - a potion of mutation {unknown}


   Skills:
 + Level 2.0 Short Blades
 + Level 3.4 Dodging
 + Level 4.8 Stealth
 + Level 3.2 Spellcasting
 - Level 1.0 Transmutations
 - Level 2.1 Air Magic
 + Level 4.9 Poison Magic


You had one spell level left.
You knew the following spells:

 Your Spells              Type           Power      Damage    Failure   Level
a - Sting                 Tmut/Pois      72%        1d6       3%          1
b - Poisonous Vapours     Pois/Air       40%        N/A       3%          2
c - Mephitic Cloud        Conj/Pois/Air  15%        N/A       12%         3
d - Olgreb's Toxic Radia  Pois           27%        N/A       14%         4

Your spell library contained the following spells:

 Spells                   Type           Power      Damage    Failure   Level
 Kiss of Death            Conj/Necr      12%        2d6       11%         1
 Magic Dart               Conj           12%        1d3       11%         1
 Blink                    Tloc           6%         N/A       16%         2
 Searing Ray              Conj           6%         2d4       16%         2
 Confusing Touch          Hex            3%         N/A       32%         3
 Dazzling Flash           Conj/Hex       6%         N/A       32%         3
 Volatile Blastmotes      Fire/Tloc      6%         2d10      32%         3
 Dispel Undead            Necr           3%         3d7       71%         4
 Fulminant Prism          Conj/Hex       1%         3d5       71%         4
 Iskenderun's Mystic Bla  Conj/Tloc      3%         2d3       71%         4
 Manifold Assault         Tloc           3%         N/A       71%         4
 Conjure Ball Lightning   Conj/Air       4%         3x3d6     100%        6
 Starburst                Conj/Fire      1%         6d3       100%        6
 Storm Form               Tmut/Air       5%         N/A       100%        7
 Discord                  Hex            1%         N/A       100%        8
 Disjunction              Tloc           1%         N/A       100%        8


Dungeon Overview and Level Annotations

Branches:
Dungeon (5/15)
 Temple: D:4-7

Altars:
Nemelex Xobeh

Shops:
D:4 :


Innate Abilities, Weirdness & Mutations

You cannot wear most types of armour.
You are amphibious.
You can wear up to eight rings at the same time.
Your skin changes colour to match your surroundings (Stealth+).
Your rubbery body absorbs attacks. (AC +1, EV +1)
((You are camouflaged when in or above water. (Stealth+)))
You have tentacles for arms and can constrict up to eight enemies at once.


Message History

Poisonous vapours surround the black bear!
The black bear looks even sicker.
The black bear goes berserk!
Casting: Poisonous Vapours (safe; 3% risk of failure)
Confirm with . or Enter, or press ? or * to list all spells.
Aiming: Poisonous Vapours (safe; 3% risk of failure)
Press: ? - help, Dir - move target, f/p - black bear
Aim: a black bear (severely wounded, berserk, poisoned) Poisonous vapours surround the black bear!
The black bear looks even sicker.
The black bear rages.
Casting: Poisonous Vapours (safe; 3% risk of failure)
Confirm with . or Enter, or press ? or * to list all spells.
Aiming: Sting (safe; 3% risk of failure)
Press: ? - help, Shift-Dir - straight line, f/p - black bear
Aim: a black bear (severely wounded, berserk, very poisoned, 81% to hit)
The sting misses the black bear.
The black bear misses you. The black bear barely misses you.
The black bear claws you. The black bear bites you!
The black bear claws you. x2
Casting: Sting (safe; 3% risk of failure)
Confirm with . or Enter, or press ? or * to list all spells.
Aiming: Sting (safe; 3% risk of failure)
Press: ? - help, Shift-Dir - straight line, f/p - black bear
Aim: a black bear (severely wounded, berserk, very poisoned, 81% to hit)
The sting misses the black bear.
The black bear bites you but does no damage.
The black bear claws you.
* * * LOW HITPOINT WARNING * * *
The black bear claws you.
* * * LOW HITPOINT WARNING * * *
You hit the black bear but do no damage.
Your weapon exudes an aura of protection.
You grab the black bear.
The black bear is almost dead.
You constrict the black bear.
The black bear bites you but does no damage.
The black bear misses you. The black bear claws you.
* * * LOW HITPOINT WARNING * * *
The black bear bites you.
You die...

'.....>.....<......
####....########.#.
##[#.# ###.## #..#
##.# #.# #.# #@#
#h# #.# #.#
##.############.#
................#
#################


You could see a black bear (berserk, very poisoned).

Vanquished Creatures
  An ogre (D:4)
  A jelly (D:4)
  2 iguanas (D:4)
  An orc wizard (D:4)
  7 adders
  A white imp (D:4)
  2 worms (D:2)
  3 dart slugs
  4 orcs
  5 endoplasms
  3 giant cockroaches
  8 goblins
  7 hobgoblins
  15 jackals
  6 quokkas
  3 ball pythons
  3 bats (D:2)
  3 frilled lizards
  A kobold (D:4)
  2 rats
78 creatures vanquished.

Notes
Turn   | Place    | Note
-------+----------+-------------------------------------------
     0 | D:1      | NullDivider the Octopode Venom Mage began the quest for the
                  | Orb.
     0 | D:1      | Reached XP level 1. HP: 11/11 MP: 3/3
   131 | D:1      | Reached XP level 2. HP: 6/17 MP: 1/5
   198 | D:1      | Learned a level 2 spell: Poisonous Vapours
   821 | D:1      | Found a faded altar of an unknown god.
   969 | D:2      | Reached XP level 3. HP: 21/21 MP: 6/6
   973 | D:2      | Learned a level 3 spell: Mephitic Cloud
  1520 | D:2      | Reached skill level 1 in Air Magic
  1520 | D:2      | Reached XP level 4. HP: 20/27 MP: 7/7
  1878 | D:2      | Identified the +1 robe of the King of the Hill {rC+ rN+
                  | Int+2}
  3083 | D:4      | Reached XP level 5. HP: 9/31 MP: 5/9
  3209 | D:4      | Reached skill level 1 in Short Blades
  3680 | D:4      | Found Kuadale's Self-Improvement Boutique.
  3723 | D:4      | Learned a level 4 spell: Olgreb's Toxic Radiance
  3817 | D:4      | Found a sparkling altar of Nemelex Xobeh.
  3820 | D:4      | Noticed an ogre
  3822 | D:4      | Reached XP level 6. HP: 36/36 MP: 8/10
  4263 | D:5      | Entered Level 5 of the Dungeon
  4354 | D:5      | Noticed a black bear
  4658 | D:5      | HP: 1/36 [black bear (3)]
  4658 | D:5      | Slain by a black bear

Illustrated notes

Levels and vault maps discovered:
D:1:      mrwooster_arrival_statue_3, layout_loops_ring,
          ebering_ecumenical_altar_rust
D:2:      layout_loops_corners, kennysheep_minor_cross
D:3:      layout_basic
D:4:      layout_loops_ring, nicolae_overflow_crystal_walls,
          nicolae_shop_self_help
D:5:      layout_loops_corners

Skill      XL: |  1  2  3  4  5  6 |
---------------+-------------------+-----
Stealth        | 3 4 |  4.8
Poison Magic   | 4 |  4.9
Air Magic      | 1 2 |  2.1
Short Blades   | 1 2 |  2.0
Dodging        | 3 |  3.4
Spellcasting   | 3 |  3.2
Transmutations | |  1.0

Action                     |  1- 3 |  4- 6 || total
---------------------------+-------+-------++-------
  Melee: Unarmed           |    82 |    17 ||    99
         Constrict         |    22 |    20 ||    42
         Tentacles         |    25 |    20 ||    45
         Dagger            |       |    77 ||    77
         Punch             |       |     3 ||     3
   Cast: Sting             |    18 |    26 ||    44
         Poisonous Vapours |     8 |    16 ||    24
   Stab: Sleeping          |    10 |    13 ||    23
 Armour: Skin              |     6 |    13 ||    19
  Dodge: Dodged            |    44 |    44 ||    88
